 Dungeon Crawl Stone Soup version 0.22.0-18-ge075c0d (webtiles) character file.

4197 Faca the Magician (level 10, 0/111 HPs)
             Began as a Gnoll Wanderer on Aug 18, 2018.
             Slain by a crocodile (10 damage)
             ... on level 8 of the Dungeon.
             The game lasted 00:20:31 (8629 turns).

Faca the Magician (Gnoll Wanderer)                  Turns: 8629, Time: 00:20:32

Health: 0/111      AC: 25    Str: 14    XL:     10   Next: 29%
Magic:  20/20      EV:  2    Int: 13    God:
Gold:   404        SH:  0    Dex: 20    Spells: 23/23 levels left

rFire    . . .     SeeInvis +   i - +2 short sword (elec)
rCold    . . .     Gourm    .   (no shield)
rNeg     + + +     Faith    .   (armour currently unavailable)
rPois    +         Spirit   .   (helmet currently unavailable)
rElec    .         Reflect  .   (cloak currently unavailable)
rCorr    +         Harm     .   (gloves currently unavailable)
MR       .....     NoTele   +   (boots currently unavailable)
Stlth    +++.......             (no amulet)
HPRegen  0.28/turn              w - ring of resist corrosion
MPRegen  0.17/turn              z - ring of see invisible

@: tree-form
A: distributed training, strong nose
a: no special abilities


You were on level 8 of the Dungeon.
You were not hungry.
You were a tree.
You visited 1 branch of the dungeon, and saw 8 of its levels.

You collected 417 gold pieces.
You spent 13 gold pieces at shops.

Inventory:

Hand Weapons
 i - a +2 short sword of electrocution (weapon)
Armour
 g - a +2 hat (melded)
 o - a +0 pair of boots (melded)
 r - a scarf of repulsion
 u - a +1 cloak (melded)
 v - a +0 ring mail (melded)
 A - a +0 pair of gloves (melded)
Jewellery
 a - an uncursed amulet of faith
 w - a ring of resist corrosion (left branch)
 x - an uncursed ring of flight
 z - a ring of see invisible (right branch)
 B - an uncursed ring of protection from cold {unknown}
Wands
 s - a wand of digging (11)
Scrolls
 d - 2 scrolls of teleportation
 k - 5 scrolls of blinking
 l - 3 scrolls of remove curse
 n - 2 scrolls of enchant armour
 q - 4 scrolls of fog
 y - a scroll of fear
 C - a scroll of brand weapon
 D - a scroll of magic mapping
Potions
 b - 2 potions of flight
 e - a potion of cancellation
 h - 4 potions of curing
 j - a potion of magic
 m - 2 potions of brilliance
 p - 2 potions of might
 t - 2 potions of haste
 E - a potion of resistance
Comestibles
 f - 10 rations


   Skills:
 + Level 5.0 Fighting
 + Level 5.0 Short Blades
 + Level 5.0 Long Blades
 + Level 5.0 Axes
 + Level 5.0 Maces & Flails
 + Level 5.0 Polearms
 + Level 5.0 Staves
 + Level 5.0 Slings
 + Level 5.0 Bows
 + Level 5.0 Crossbows
 + Level 5.0 Throwing
 + Level 5.0 Armour
 + Level 5.7 Dodging
 + Level 5.6 Stealth
 + Level 5.0 Shields
 + Level 6.9 Unarmed Combat
 + Level 7.2 Spellcasting
 + Level 4.1 Conjurations
 + Level 4.1 Hexes
 + Level 4.1 Charms
 + Level 4.1 Summonings
 + Level 4.1 Necromancy
 + Level 4.1 Translocations
 + Level 7.0 Transmutations
 + Level 4.1 Fire Magic
 + Level 4.1 Ice Magic
 + Level 4.1 Air Magic
 + Level 4.1 Earth Magic
 + Level 4.1 Poison Magic
 + Level 5.5 Invocations
 + Level 5.7 Evocations


You had 23 spell levels left.
You didn't know any spells.
Your spell library contained the following spells:

 Spells                   Type           Power        Failure   Level  Hunger
 Corona                   Hex            ###....      2%          1    None
 Magic Dart               Conj           ###.         2%          1    None
 Shock                    Conj/Air       ###.         2%          1    None
 Summon Small Mammal      Summ           ###.         2%          1    None
 Call Imp                 Summ           ###.....     4%          2    #......
 Ensorcelled Hibernation  Hex/Ice        ###...       4%          2    #......
 Searing Ray              Conj           ###...       4%          2    #......
 Swiftness                Chrm/Air       ###.....     4%          2    #......
 Call Canine Familiar     Summ           ###.....     9%          3    ##.....
 Confuse                  Hex            ###.....     9%          3    ##.....
 Dazzling Spray           Conj/Hex       ###...       9%          3    ##.....
 Static Discharge         Conj/Air       ###.....     9%          3    ##.....
 Summon Guardian Golem    Hex/Summ       ###.....     9%          3    ##.....
 Tukima's Dance           Hex            ###.....     9%          3    ##.....
 Airstrike                Air            ###.......   26%         4    ####...
 Force Lance              Conj/Tloc      ###.....     26%         4    ####...
 Fulminant Prism          Conj/Hex       ###.......   26%         4    ####...
 Iskenderun's Mystic Bla  Conj           ###.....     26%         4    ####...
 Summon Ice Beast         Ice/Summ       ###.....     26%         4    ####...
 Summon Lightning Spire   Summ/Air       ###.....     26%         4    ####...
 Lightning Bolt           Conj/Air       ###.......   58%         5    ######.


Dungeon Overview and Level Annotations

Branches:
Dungeon (8/15)             Temple (0/1) D:6
   Lair: D:8-11

Altars:
Ashenzari
Fedhas
Wu Jian
Zin

Shops:
D:5 !


Innate Abilities, Weirdness & Mutations

Your experience applies equally to all skills.
((You have very sharp teeth.))
Your uncanny sense of smell can sniff out nearby items.


Message History

The komodo dragon is heavily wounded.
The komodo dragon bites you!
* * * LOW HITPOINT WARNING * * *
You hit the komodo dragon.
Lightning courses through the komodo dragon!
You kill the komodo dragon!
Your Transmutations skill increases to level 7!
The crocodile bites you but does no damage.
You hit the crocodile.
The crocodile is lightly wounded.
You turn into a tree.
Your +1 cloak melds into your body.
Your +2 hat melds into your body.
Your +0 pair of gloves melds into your body.
Your +0 pair of boots melds into your body.
Your +0 ring mail melds into your body.
Your roots penetrate the ground.
The crocodile bites you but does no damage.
You closely miss the crocodile.
The crocodile is lightly wounded.
The crocodile bites you!
You die...

##..###
#......#########
#.....#
#######...##...##
#..[..# #....'.....#
##.....# #....#.....#
.......# #....#.....#
##..#.## #....#.....#
###### ############
##########.#..###
##..♣t†.....##.#.##
### ###
##....###........#.#.#
#.###.# ####..####
#(...........#
......###...###
##.####.......
##.###...#### ###
#.##.... ### ####.#
.## #... ### ## ##. ∆


You could see a crocodile.

Vanquished Creatures
  A two-headed ogre (D:8)
  A cyclops (D:8)
  A komodo dragon (D:8)
  3 ice beasts
  A sky beast (D:8)
  An orc warrior (D:8)
  A phantom (D:5)
  2 ogres
  6 centaurs
  A bullfrog (D:6)
  3 killer bees (D:6)
  7 wights
  5 howler monkeys
  A bullfrog zombie (D:5)
  6 crimson imps
  3 hounds
  A quasit (D:6)
  A centaur zombie (D:6)
  2 jellies
  6 orc wizards
  An orc priest (D:8)
  Jessica (D:2)
  2 iguanas (D:4)
  4 worker ants
  A hound skeleton (D:4)
  4 gnolls
  10 adders
  2 shadow imps (D:8)
  An ooze (D:5)
  3 adder zombies
  2 adder skeletons
  3 worms (D:2)
  A dart slug (D:2)
  2 leopard geckos
  20 orcs
  6 bats
  6 giant cockroaches
  10 hobgoblins
  16 jackals
  4 quokkas
  4 ball pythons
  4 frilled lizards
  A giant cockroach zombie (D:5)
  9 goblins
  7 kobolds
  9 rats
186 creatures vanquished.

Vanquished Creatures (others)
  A swamp drake (D:8)
1 creature vanquished.

Grand Total: 187 creatures vanquished

Notes
Turn   | Place    | Note
-------+----------+-------------------------------------------
     0 | D:1      | Faca the Gnoll Wanderer began the quest for the Orb.
     0 | D:1      | Faca set off with: a +2 dagger, a potion of heal wounds, a potion of lignification, a scroll of teleportation, a +0 robe, a ration
     0 | D:1      | Reached XP level 1. HP: 13/13 MP: 6/6
   253 | D:1      | Reached XP level 2. HP: 19/19 MP: 7/7
   918 | D:1      | Reached XP level 3. HP: 25/25 MP: 9/9
  1054 | D:1      | Reached skill level 5 in Spellcasting
  1401 | D:2      | Reached skill level 1 in Invocations
  1603 | D:2      | Reached skill level 1 in Fighting
  1603 | D:2      | Reached skill level 1 in Short Blades
  1603 | D:2      | Reached skill level 1 in Long Blades
  1603 | D:2      | Reached skill level 1 in Axes
  1603 | D:2      | Reached skill level 1 in Maces & Flails
  1603 | D:2      | Reached skill level 1 in Polearms
  1603 | D:2      | Reached skill level 1 in Staves
  1603 | D:2      | Reached skill level 1 in Slings
  1603 | D:2      | Reached skill level 1 in Bows
  1603 | D:2      | Reached skill level 1 in Crossbows
  1603 | D:2      | Reached skill level 1 in Throwing
  1603 | D:2      | Reached skill level 1 in Armour
  1603 | D:2      | Reached skill level 1 in Shields
  1610 | D:2      | Reached XP level 4. HP: 27/32 MP: 11/11
  1917 | D:2      | Noticed Jessica
  1923 | D:2      | Killed Jessica
  1923 | D:2      | Reached skill level 1 in Conjurations
  1923 | D:2      | Reached skill level 1 in Hexes
  1923 | D:2      | Reached skill level 1 in Charms
  1923 | D:2      | Reached skill level 1 in Summonings
  1923 | D:2      | Reached skill level 1 in Necromancy
  1923 | D:2      | Reached skill level 1 in Translocations
  1923 | D:2      | Reached skill level 1 in Fire Magic
  1923 | D:2      | Reached skill level 1 in Ice Magic
  1923 | D:2      | Reached skill level 1 in Air Magic
  1923 | D:2      | Reached skill level 1 in Earth Magic
  1923 | D:2      | Reached skill level 1 in Poison Magic
  1996 | D:2      | Reached XP level 5. HP: 36/37 MP: 12/12
  2165 | D:2      | Found a shattered altar of Ashenzari.
  2828 | D:3      | Found a shattered altar of Ashenzari.
  3287 | D:3      | Reached XP level 6. HP: 40/44 MP: 13/13
  3786 | D:4      | Reached skill level 5 in Unarmed Combat
  4549 | D:5      | Entered Level 5 of the Dungeon
  4627 | D:4      | Reached XP level 7. HP: 31/50 MP: 15/15
  5396 | D:5      | Found Tapa's Distillery.
  5401 | D:5      | Bought a potion of degeneration for 13 gold pieces
  5505 | D:5      | Found a glowing silver altar of Zin.
  5521 | D:5      | Reached XP level 8. HP: 57/57 MP: 16/16
  6017 | D:6      | Reached XP level 9. HP: 49/65 MP: 18/18
  6212 | D:6      | Found a staircase to the Ecumenical Temple.
  6724 | D:7      | Found an ornate altar of the Wu Jian Council.
  7180 | D:8      | Found a blossoming altar of Fedhas.
  7180 | D:8      | Noticed a cyclops
  7359 | D:8      | Noticed a two-headed ogre
  7487 | D:8      | Reached skill level 5 in Dodging
  7487 | D:8      | Reached skill level 5 in Evocations
  7695 | D:8      | Reached skill level 5 in Stealth
  7887 | D:8      | Killed a cyclops
  7887 | D:8      | Reached skill level 5 in Invocations
  8251 | D:8      | Killed a two-headed ogre
  8251 | D:8      | Reached XP level 10. HP: 73/73 MP: 20/20
  8621 | D:8      | Reached skill level 5 in Fighting
  8621 | D:8      | Reached skill level 5 in Short Blades
  8621 | D:8      | Reached skill level 5 in Long Blades
  8621 | D:8      | Reached skill level 5 in Axes
  8621 | D:8      | Reached skill level 5 in Maces & Flails
  8621 | D:8      | Reached skill level 5 in Polearms
  8621 | D:8      | Reached skill level 5 in Staves
  8621 | D:8      | Reached skill level 5 in Slings
  8621 | D:8      | Reached skill level 5 in Bows
  8621 | D:8      | Reached skill level 5 in Crossbows
  8621 | D:8      | Reached skill level 5 in Throwing
  8621 | D:8      | Reached skill level 5 in Armour
  8621 | D:8      | Reached skill level 5 in Shields
  8629 | D:8      | Slain by a crocodile

Skill      XL: |  1  2  3  4  5  6  7  8  9 10 |
---------------+-------------------------------+-----
Spellcasting   | 5 6 7 |  7.2
Invocations    | 1 2 3 4 5 |  5.5
Fighting       | 1 2 3 4 5 |  5.0
Short Blades   | 1 2 3 4 5 |  5.0
Long Blades    | 1 2 3 4 5 |  5.0
Axes           | 1 2 3 4 5 |  5.0
Maces & Flails | 1 2 3 4 5 |  5.0
Polearms       | 1 2 3 4 5 |  5.0
Staves         | 1 2 3 4 5 |  5.0
Slings         | 1 2 3 4 5 |  5.0
Bows           | 1 2 3 4 5 |  5.0
Crossbows      | 1 2 3 4 5 |  5.0
Throwing       | 1 2 3 4 5 |  5.0
Armour         | 1 2 3 4 5 |  5.0
Shields        | 1 2 3 4 5 |  5.0
Conjurations   | 1 2 3 4 |  4.1
Hexes          | 1 2 3 4 |  4.1
Charms         | 1 2 3 4 |  4.1
Summonings     | 1 2 3 4 |  4.1
Necromancy     | 1 2 3 4 |  4.1
Translocations | 1 2 3 4 |  4.1
Fire Magic     | 1 2 3 4 |  4.1
Ice Magic      | 1 2 3 4 |  4.1
Air Magic      | 1 2 3 4 |  4.1
Earth Magic    | 1 2 3 4 |  4.1
Poison Magic   | 1 2 3 4 |  4.1
Dodging        | 3 4 5 |  5.7
Evocations     | 3 4 5 |  5.7
Stealth        | 3 4 5 |  5.6
Unarmed Combat | 5 6 |  6.9
Transmutations | 6 7 |  7.0

Action                   |  1- 3 |  4- 6 |  7- 9 | 10-12 || total
-------------------------+-------+-------+-------+-------++-------
Melee: Unarmed           |    37 |       |       |       ||    37
       Dagger            |     9 |       |       |       ||     9
       Bite              |     9 |    20 |    50 |     5 ||    84
       Short sword       |    69 |   180 |   350 |    29 ||   628
       Punch             |     1 |     8 |    11 |     2 ||    22
  Use: Scroll            |       |    10 |     7 |     2 ||    19
       Potion            |       |       |     6 |     2 ||     8
 Stab: Sleeping          |     6 |     8 |     6 |       ||    20
       Distracted        |       |       |     2 |       ||     2
  Eat: Ration            |     1 |     3 |     3 |     1 ||     8
Armor: Robe              |    22 |       |       |       ||    22
       Leather armour    |    15 |    33 |       |       ||    48
       Ring mail         |       |    11 |   141 |     9 ||   161
       Skin              |       |       |       |     1 ||     1
Dodge: Dodged            |    80 |   132 |   230 |     8 ||   450
